 Dungeon Crawl Stone Soup version 0.29-a0-284-gf9362112df (webtiles) character file.

Game seed: 16375091080815532173

44 NinjaNoafa the Skirmisher (level 3, -16/35 HPs)
             Began as a Gnoll Wanderer on Mar 29, 2022.
             Was an Initiate of Yredelemnul.
             Demolished by an ogre
             ... wielding a +0 giant club
              (20 damage)
             ... on level 4 of the Dungeon.
             The game lasted 00:13:50 (2196 turns).

NinjaNoafa the Skirmisher (Gnoll Wanderer)          Turns: 2196, Time: 00:13:50

Health: -16/35     AC: 15    Str:  8    XL:     3   Next: 62%
Magic:  13/13      EV:  1    Int: 11    God:    Yredelemnul [......]
Gold:   35         SH:  0    Dex: 16    Spells: 3/3 levels left

rFire   . . .      SeeInvis .   a - +2 falchion
rCold   . . .      Faith    .   (no shield)
rNeg    . . .      Spirit   .   e - +1 plate armour of the Volcano {rElec Int-2 Stlth+}
rPois   .          Reflect  .   c - +1 helmet
rElec   +          Harm     .   (no cloak)
rCorr   .          Rampage  .   (no gloves)
Will    .....                   (no boots)
Stlth   ..........              d - amulet of magic regeneration
HPRegen 0.11/turn               h - ring of magical power
MPRegen 0.53/turn               (no ring)

@: no status effects
A: fangs 1, strong nose, distributed training, clever 1
a: Renounce Religion, Recall Undead Harvest


You were on level 4 of the Dungeon.
You worshipped Yredelemnul.
Yredelemnul was noncommittal.
You visited 1 branch of the dungeon, and saw 4 of its levels.

You collected 35 gold pieces.

Inventory:

Hand Weapons
 a - a +2 falchion (weapon)
 b - a +0 hunting sling
Armour
 c - a +1 helmet (worn)
 e - the +1 plate armour of the Volcano (worn) {rElec Int-2 Stlth+}
   (You found it on level 3 of the Dungeon)

   Int:       It affects your intelligence (-2).
   rElec:     It insulates you from electricity.
   Stlth:     It makes you more stealthy.
 j - a +1 chain mail
Jewellery
 d - an amulet of magic regeneration (around neck)
 h - a ring of magical power (left hand)


   Skills:
 + Level 6.5 Fighting
 + Level 0.9 Short Blades
 + Level 4.5 Long Blades
 + Level 0.9 Axes
 + Level 0.9 Maces & Flails
 + Level 0.9 Polearms
 + Level 0.9 Staves
 + Level 2.6 Slings
 + Level 0.9 Bows
 + Level 0.9 Crossbows
 + Level 0.9 Throwing
 + Level 4.5 Armour
 + Level 4.5 Dodging
 + Level 0.9 Stealth
 + Level 0.9 Shields
 + Level 0.9 Unarmed Combat
 + Level 0.9 Spellcasting
 + Level 0.6 Conjurations
 + Level 0.6 Hexes
 + Level 0.6 Summonings
 + Level 0.6 Necromancy
 + Level 0.6 Translocations
 + Level 0.6 Transmutations
 + Level 0.6 Fire Magic
 + Level 0.6 Ice Magic
 + Level 0.6 Air Magic
 + Level 0.6 Earth Magic
 + Level 0.6 Poison Magic
 + Level 1.0 Invocations
 + Level 0.9 Evocations


You had 3 spell levels left.
You didn't know any spells.
Your spell library contained the following spells:

 Spells                   Type           Power      Damage    Failure   Level
 Summon Small Mammal      Summ           4%         N/A       100%        1
 Call Canine Familiar     Summ           1%         N/A       100%        3
 Summon Guardian Golem    Hex/Summ       1%         N/A       100%        3


Dungeon Overview and Level Annotations

Branches:
Dungeon (4/15)
 Temple: D:4-7

Altars:
Yredelemnul


Innate Abilities, Weirdness & Mutations

You have very sharp teeth.
Your uncanny sense of smell can sniff out nearby items.
Your experience applies equally to all skills.
Your mind is acute. (Int +2)


Message History

The adder bites you.
You are poisoned.
The adder poisons you!
You miss the adder.
The adder is almost dead.
You feel sick. The adder bites you.
You are more poisoned.
The adder poisons you! The adder bites you but does no damage.
You slash the adder!
You kill the adder!
You feel sick.
Your Invocations skill increases to level 1!
You feel sick.
You feel sick.
You feel sick.
An ogre comes into view. It is wielding a +0 giant club.
You feel sick.
The ogre shouts!
Found 11 gold pieces.
You feel sick.
You feel sick.
You are no longer poisoned.
There is a stone staircase leading down here.
The ogre hits you with a +0 giant club.
You climb downwards.
Found a stone staircase leading down.
There is a stone staircase leading up here.
The ogre barely misses you. The ogre hits you but does no damage.
There is a stone staircase leading up here.
The ogre hits you with a +0 giant club!
* * * LOW HITPOINT WARNING * * *
You climb upwards.
There is a stone staircase leading down here.
You climb downwards.
There is a stone staircase leading up, spattered with blood here.
The ogre attacks as you move away!
The ogre hits you with a +0 giant club!!
Ouch! That really hurt!
You die...
Your body rises from the dead as a mindless zombie.

###########
#...>.@O..#####
#.#####.......#
#.#<###.#
###.#..##.##.#
#.............
.........##.##..
###.#.#### #
...... ......


You could see an ogre.

Vanquished Creatures
  An adder (D:3)
  4 bats
  An endoplasm (D:2)
  2 giant cockroaches (D:1)
  8 goblins
  4 hobgoblins
  2 jackals (D:1)
  2 quokkas (D:1)
  A ball python (D:1)
  A frilled lizard (D:1)
  3 kobolds
  A rat (D:1)
30 creatures vanquished.

Vanquished Creatures (others)
  4 withered plants (D:3)
4 creatures vanquished.

Grand Total: 34 creatures vanquished

Notes
Turn   | Place    | Note
-------+----------+-------------------------------------------
     0 | D:1      | NinjaNoafa the Gnoll Wanderer began the quest for the Orb.
     0 | D:1      | NinjaNoafa set off with the following items: a +2 falchion,
                  | a +0 hunting sling, a +0 helmet, a scroll of fear, a +0
                  | robe
     0 | D:1      | Reached XP level 1. HP: 23/23 MP: 1/1
   402 | D:1      | Reached XP level 2. HP: 29/29 MP: 2/2
  1522 | D:2      | Reached XP level 3. HP: 29/35 MP: 3/3
  1526 | D:2      | Gained mutation: Your mind is acute. (Int +2) [potion of
                  | mutation]
  2021 | D:3      | Identified the +1 plate armour of the Volcano {rElec Int-2
                  | Stlth+}
  2094 | D:3      | Found a basalt altar of Yredelemnul.
  2123 | D:3      | Became a worshipper of Yredelemnul the Dark
  2172 | D:3      | Reached skill level 1 in Invocations
  2174 | D:3      | Noticed an ogre
  2196 | D:4      | Demolished by an ogre

Illustrated notes

Levels and vault maps discovered:
D:1:      minmay_arrival_stone_box, layout_basic, serial_co_window_serial,
          co_window_of_opportunity_a, co_window_paths_a, co_window_paths_b,
          co_window_corner_a, co_window_paths_a, co_window_corner_a,
          co_window_corner_a, co_window_paths_b, co_window_of_opportunity_a,
          co_window_broadway_a, co_window_corner_b, co_window_broadway_b,
          co_window_cross_4, glass_columns_b, glass_columns_b
D:2:      cheibrodos_greedy_goblins, layout_basic,
          hellmonk_ecumenical_altar_crossroads
D:3:      layout_loops_ring, yredelemnul_altar_generic,
          nicolae_dithmenos_the_darkroom, gammafunk_temple_overflow_wave,
          minmay_crystal_room, nicolae_figureground_sparkle, uniq_natasha,
          uniq_jessica
D:4:      layout_loops_corners, lemuel_coloured_pillars_altar,
          pf_just_have_faith, nemelex_diamond_rough_becter, uniq_ijyb

Skill      XL: |  1  2  3 |
---------------+----------+-----
Invocations    | 1 |  1.0
Fighting       | |  6.5
Short Blades   | |  0.9
Long Blades    | |  4.5
Axes           | |  0.9
Maces & Flails | |  0.9
Polearms       | |  0.9
Staves         | |  0.9
Slings         | |  2.6
Bows           | |  0.9
Crossbows      | |  0.9
Throwing       | |  0.9
Armour         | |  4.5
Dodging        | |  4.5
Stealth        | |  0.9
Shields        | |  0.9
Unarmed Combat | |  0.9
Spellcasting   | |  0.9
Conjurations   | |  0.6
Hexes          | |  0.6
Summonings     | |  0.6
Necromancy     | |  0.6
Translocations | |  0.6
Transmutations | |  0.6
Fire Magic     | |  0.6
Ice Magic      | |  0.6
Air Magic      | |  0.6
Earth Magic    | |  0.6
Poison Magic   | |  0.6
Evocations     | |  0.9

Action                   || total
-------------------------++-------
Melee: Falchion          ||    54
       Bite              ||     8
 Fire: Hunting sling     ||    45
  Use: Scroll            ||     3
       Potion            ||     1
 Stab: Sleeping          ||     1
Armor: Chain mail        ||    67
       Ring mail         ||     7
       Plate armour      ||    22
Dodge: Dodged            ||    31

Table legend: (Time is in decaauts)
 A = Elapsed time spent in this place.
 B = Non-inter-level travel time spent in this place.
 C = Inter-level travel time spent in this place.
 D = Time resting spent in this place.
 E = Time spent auto-exploring this place.
 F = Levels seen in this place.
 G = Mean time per level.
                   A        B        C        D        E       F      G
               +--------+--------+--------+--------+--------+-----+--------+
         Total |   2225 |   2189 |     36 |    260 |    768 |   4 |  556.2 |
       Dungeon |   2225 |   2189 |     36 |    260 |    768 |   4 |  556.2 |
               +--------+--------+--------+--------+--------+-----+--------+

Top non-repeatable levels by time:
     D:1: 1741 daAuts
     D:2: 288 daAuts
     D:3: 184 daAuts
     D:4: 11 daAuts
